 Dungeon Crawl Stone Soup version 0.18-a0-1576-g2b87869 (webtiles) character file.

57 Oddball22 the Sneak (level 3, 0/18 HPs)
             Began as a Spriggan Assassin on Mar 17, 2016.
             Slain by a worm (7 damage)
             ... on level 2 of the Dungeon.
             The game lasted 00:03:23 (795 turns).

Oddball22 the Sneak (Spriggan Assassin)              Turns: 795, Time: 00:03:23

Health: 0/18       AC:  3    Str:  7    XL:     3   Next: 73%
Magic:  4/4        EV: 17    Int: 10    God:
Gold:   59         SH:  0    Dex: 18    Spells: 0 memorised, 2 levels left

rFire  . . .     SeeInvis +     a - +2 dagger
rCold  . . .     Gourm    .     c - +0 robe
rNeg   . . .     Faith    +     (shield restricted)
rPois  .         Spirit   .     (helmet restricted)
rElec  .         Dismiss  .     d - +0 cloak
rCorr  .         Reflect  .     (gloves unavailable)
SustAt .         Harm     .     (boots unavailable)
MR     .....                    k - amulet of faith
Stlth  ++++......               (no ring)
                                l - -2 ring of intelligence (curse)

@: very quick, not resistant to hostile enchantments, stealthy
A: unfitting armour, see invisible, herbivore 3, speed 3, slow metabolism 2
a: no special abilities


You were on level 2 of the Dungeon.
You were not hungry.

You visited 1 branch of the dungeon, and saw 2 of its levels.

You collected 59 gold pieces.

Inventory:

Hand Weapons
 a - a +2 dagger (weapon)
 b - a +0 blowgun
Missiles
 e - 8 poisoned needles
 f - 2 curare-tipped needles
Armour
 c - a +0 robe (worn)
 d - a +0 cloak (worn)
Jewellery
 k - an amulet of faith (around neck)
 l - a cursed -2 ring of intelligence (left hand)
 n - an uncursed ring of flight {unknown}
Potions
 h - a potion of flight {unknown}
 i - 2 potions of lignification {unknown}
 j - a potion of berserk rage {unknown}
 m - 2 potions of heal wounds {unknown}
Comestibles
 g - 2 bread rations


   Skills:
 + Level 2.0 Fighting
 + Level 2.9 Short Blades
 - Level 2.0 Throwing
 - Level 1.5 Dodging
 * Level 7.3 Stealth


You had 2 spell levels left.
You didn't know any spells.

Dungeon Overview and Level Annotations

Branches:
Dungeon (2/15)

Altars:
Qazlal


Innate Abilities, Weirdness & Mutations

You are tiny and cannot use many weapons and most armour.
You have supernaturally acute eyesight.
You are a herbivore.
You cover ground extremely quickly.
You need consume almost no food.


Message History

You hit the worm but do no damage.
The worm is lightly wounded.
You hit the worm.
The worm is moderately wounded.
The worm bites you!
Ouch! That really hurt!
You barely miss the worm.
The worm is lightly wounded.
You barely miss the worm.
The worm is lightly wounded.
The worm misses you.
You hit the worm but do no damage.
The worm is lightly wounded.
You aren't carrying any items that can be evoked.
You hit the worm.
The worm is moderately wounded.
You hit the worm.
The worm is heavily wounded.
The worm bites you!
You die...

.# ## # .# #.. . .#
#.# .# .## #######
#.##.###
..####.....####......
.....#.........<.#%##
.###..........#.....##
.####..............>.#
...#..#########.@w..##
.....## #.....# ...###
#.......# ...#
#.....### #### #.....#
#.....# #.....#
#######


You could see a worm.

Vanquished Creatures
  2 adders (D:2)
  A giant gecko (D:1)
  5 bats
  2 giant cockroaches (D:2)
  4 goblins (D:1)
  6 hobgoblins
  6 kobolds (D:1)
  2 giant newts (D:1)
  8 rats
36 creatures vanquished.

Notes
Turn   | Place    | Note
--------------------------------------------------------------
     0 | D:1      | Oddball22 the Spriggan Assassin began the quest for the Orb.
     0 | D:1      | Reached XP level 1. HP: 10/10 MP: 2/2
    19 | D:1      | Reached skill level 6 in Stealth
   118 | D:1      | Reached XP level 2. HP: 15/15 MP: 3/3
   338 | D:1      | Reached XP level 3. HP: 16/18 MP: 4/4
   614 | D:2      | Reached skill level 7 in Stealth
   736 | D:2      | Found a stormy altar of Qazlal.
   795 | D:2      | Slain by a worm

Vault maps used:
D:1:      lemuel_arrival_broad_hall, serial_bayou_crossing
D:2:      amethyst_overflow_temple_binary, first_bread,
          nicolae_qazlal_eye_of_the_storm, uniq_crazy_yiuf_cottage

Skill      XL: |  1  2  3 |
---------------+----------+-----
Stealth        | 6 7 |  7.3
Fighting       | 2 |  2.0
Short Blades   | |  2.9
Throwing       | |  2.0
Dodging        | |  1.5

Action                   || total
-------------------------++-------
Melee: Dagger            ||   106
 Stab: Sleeping          ||    11
       Distracted        ||     1
